 Dungeon Crawl Stone Soup version 0.30-a0-1157-g2cc9ac7196 (webtiles) character file.

Game seed: 14298722807825666217

8799 mandoloar the Martial Artist (level 11, -2/70 (92) HPs)
             Began as an Octopode Transmuter on Apr 25, 2023.
             Shot with an arrow by a centaur (11 damage)
             ... on level 9 of the Dungeon.
             The game lasted 00:44:56 (14194 turns).

mandoloar the Martial Artist (Octopode Transmuter) Turns: 14194, Time: 00:44:57

HP:   -2/70 (92)    AC: 12    Str: 10    XL:     11   Next: 36%
MP:   20/20         EV: 12    Int: 20    God:
Gold: 409           SH:  0    Dex: 12    Spells: 15/22 levels left

rFire   . . .        a - melded +7 quarterstaff of Distraction {heavy, Int+4}
rCold   + + +        (shield currently unavailable)
rNeg    . . .        (helmet currently unavailable)
rPois   +            v - amulet of magic regeneration
rElec   .            m - +4 ring of protection
rCorr   .            z - ring of protection from cold
SInv    .            w - ring of protection from fire
Will    .....        (no ring)
Stlth   +++          (no ring)
HPRegen 0.31/turn    (no ring)
MPRegen 0.57/turn    (no ring)
                     (no ring)

%: no passive effects
@: ice-form, heavily drained
A: freezing attack, boosted hp, almost no armour, amphibious, 8 rings, large,
(camouflage 1), (gelatinous body 1), (nimble swimmer 1), (tentacles)
a: End Transformation


You were on level 9 of the Dungeon.
You were a creature of crystalline ice.
You visited 2 branches of the dungeon, and saw 10 of its levels.

You collected 604 gold pieces.
You spent 195 gold pieces at shops.

Inventory:

Hand Weapons
 a - the +7 quarterstaff of Distraction (melded) {heavy, Int+4}
   (You took it off an orc on level 5 of the Dungeon)

   Int:       It affects your intelligence (+4).
Missiles
 j - 53 stones
 k - 20 poisoned darts
 l - 6 boomerangs
 o - 2 throwing nets
 u - 3 silver boomerangs
 E - 5 atropa-tipped darts
Jewellery
 m - a +4 ring of protection (left front paw)
 v - an amulet of magic regeneration (around neck)
 w - a ring of protection from fire (on tentacle)
 z - a ring of protection from cold (right front paw)
Wands
 d - a wand of roots (6)
 p - a wand of charming (7)
 q - a wand of quicksilver (5)
 x - a wand of polymorph (4)
 D - a wand of flame (23)
Scrolls
 c - a scroll of fear
 g - a scroll of fog
 i - a scroll of identify
 s - 5 scrolls of teleportation
 t - 2 scrolls of magic mapping
 y - a scroll of amnesia
 B - a scroll of poison
Potions
 b - 2 potions of resistance
 e - a potion of haste
 f - 3 potions of curing
 h - 4 potions of brilliance
 n - 4 potions of lignification
 r - 3 potions of attraction
 A - 2 potions of cancellation {unknown}
 C - a potion of mutation {unknown}


   Skills:
 + Level 7.8 Fighting
 + Level 8.1 Dodging
 - Level 7.0 Stealth
 + Level 8.4 Unarmed Combat
 + Level 6.3 Spellcasting
 + Level 6.9 Transmutations
 - Level 3.0 Ice Magic


You had 15 spell levels left.
You knew the following spells:

 Your Spells              Type           Power      Damage    Failure   Level
a - Beastly Appendage     Tmut           68%        N/A       1%          1
b - Wereblood             Tmut           34%        N/A       1%          2
c - Ice Form              Ice/Tmut       26%        N/A       13%         4

Your spell library contained the following spells:

 Spells                   Type           Power      Damage    Failure   Level
 Spider Form              Tmut/Pois      20%        N/A       8%          3
 Apportation              Tloc           12%        N/A       10%         1
 Kiss of Death            Conj/Necr      24%        2d7       10%         1
 Necrotise                Necr           24%        1d5       10%         1
 Summon Small Mammal      Summ           24%        N/A       10%         1
 Confusing Touch          Hex            6%         N/A       30%         3
 Vhi's Electric Charge    Tloc/Air       12%        N/A       30%         3
 Dispel Undead            Necr           6%         3d8       69%         4
 Arcjolt                  Conj/Air       3%         1d13      95%         5
 Plasma Beam              Fire/Air       3%         2x1d14    100%        6


Dungeon Overview and Level Annotations

Branches:
Dungeon (9/15)             Temple (1/1) D:5             Orc (0/2) D:9
   Lair: D:8-11

Altars:
Ashenzari
Dithmenos
Elyvilon
Fedhas
Gozag
Hepliaklqana
Makhleb
Nemelex Xobeh
Okawaru
Qazlal
Ru
Sif Muna
Trog
Vehumet
Wu Jian
Xom
Yredelemnul
Zin
The Shining One

Shops:
D:2 !

Portals:
Abyss: D:3

Annotations:
D:3 2 transporters, Zeldest's ghost, amateur OgWr
D:9 2 transporters, Sleet's ghost, novice MiFi


Innate Abilities, Weirdness & Mutations

You are a creature of crystalline ice.
You have a powerful freezing melee attack.
Your maximum health is increased.
Your armour is entirely melded.
You are incapable of wielding weapons or throwing items.
You cannot wear most types of armour.
You are amphibious.
You can wear up to eight rings at the same time.
((Your skin changes colour to match your surroundings (Stealth+).))
((Your rubbery body absorbs attacks. (AC +1, EV +1)))
((You are camouflaged when in or above water. (Stealth+)))
((You have tentacles for arms and can constrict up to eight enemies at once.))


Message History

A centaur comes into view.
Your transformation is almost over.
The ice dragon breathes frost at you. The blast of cold hits you. You resist.
The centaur shoots an arrow.
The arrow barely misses you.
Items here: ) [[ †.
You see here a +0 dagger of speed.
You see here a +0 rapier.
You warm up again.
The +7 quarterstaff of Distraction {heavy, Int+4} unmelds from your body.
The centaur shoots an arrow.
The arrow hits you!
You feel drained.
The centaur shoots an arrow.
The arrow hits you!
You feel drained.
The centaur shoots an arrow.
The arrow hits you.
You feel drained.
Casting: Ice Form (dangerous; 10% risk of failure)
Confirm with . or Enter, or press ? or * to list all spells.
You turn into a creature of crystalline ice.
The +7 quarterstaff of Distraction {heavy, Int+4} melds into your body.
The centaur shoots an arrow.
The arrow barely misses you.
The centaur shoots an arrow.
The arrow barely misses you.
The centaur shoots an arrow.
The arrow misses you.
You hear a horrible gurgling sound!
The centaur shoots an arrow.
The arrow hits you.
You feel drained.
The centaur shoots an arrow.
The arrow hits you!
You feel drained.
The centaur shoots an arrow.
The arrow hits you.
You feel drained.
The centaur shoots an arrow.
The arrow completely misses you.
The centaur shoots an arrow.
The arrow hits you!
You feel drained.
The centaur shoots an arrow.
The arrow hits you!
You feel drained.
* * * LOW HITPOINT WARNING * * *
The centaur shoots an arrow.
The arrow hits you!
* * * LOW HITPOINT WARNING * * *
You feel drained.
* * * LOW HITPOINT WARNING * * *
The centaur shoots an arrow.
The arrow hits you.
* * * LOW HITPOINT WARNING * * *
You feel drained.
* * * LOW HITPOINT WARNING * * *
Okay, then.
Okay, then.
The centaur shoots an arrow.
The arrow hits you!
You die...

##.............#
##.....##.....#
#.............#
#.............#
###...........#
##..>.##......#
#<))[..##.....#
###.[.###.....#
#...Y.......#
###.........#
##[.......# ######
##.........# #.....
#..........# ##...#.
#....>.##..###...###
#..#.#....c#......#.
#######..........c..
##.#.#..#.....


You could see a centaur.

Vanquished Creatures
  A boulder beetle (D:9)
  A deep elf pyromancer (D:9)
  2 orc sorcerers (D:9)
  Joseph (D:8)
  A polar bear (D:8)
  2 trolls (D:9)
  2 slime creatures (D:9)
  A shadow (D:9)
  A vampire (D:8)
  7 yaks
  2 steam dragons
  Menkaure (D:6)
  2 water moccasins
  6 orc warriors
  A sky beast (D:7)
  A black bear (D:7)
  A wolf (D:8)
  2 ogres
  A centaur (D:7)
  2 phantoms
  3 kobold brigands
  3 bullfrogs
  5 scorpions
  11 wights
  2 electric eels (D:8)
  A crimson imp (D:8)
  A jelly (D:7)
  8 orc priests
  5 hounds
  4 sleepcaps
  A scorpion zombie (D:3)
  8 orc wizards
  Robin (D:3)
  A killer bee simulacrum (D:8)
  6 gnolls
  9 adders
  A shadow imp (D:6)
  5 white imps
  2 ufetubi
  3 worms
  4 dart slugs
  32 orcs
  9 bats
  12 endoplasms
  3 giant cockroaches
  9 goblins
  12 hobgoblins
  4 jackals (D:2)
  22 kobolds
  6 quokkas
  6 ball pythons
  A ball python zombie (D:3)
  5 frilled lizards
  5 rats
248 creatures vanquished.

Vanquished Creatures (collateral kills)
  2 wights (D:8)
2 creatures vanquished.

Vanquished Creatures (others)
  2 fungi (D:2)
  3 plants (D:2)
5 creatures vanquished.

Grand Total: 255 creatures vanquished

Notes
Turn   | Place    | Note
-------+----------+-------------------------------------------
     0 | D:1      | mandoloar the Octopode Transmuter began the quest for the
                  | Orb.
     0 | D:1      | Reached XP level 1. HP: 13/13 MP: 3/3
   387 | D:1      | Reached skill level 1 in Stealth
   387 | D:1      | Reached XP level 2. HP: 11/18 MP: 3/5
   983 | D:1      | Learned a level 2 spell: Wereblood
  1267 | D:2      | Found Atyhe's Distillery.
  1423 | D:2      | Reached XP level 3. HP: 17/23 MP: 2/6
  1844 | D:2      | Reached XP level 4. HP: 22/29 MP: 4/7
  1992 | D:2      | Found a faded altar of an unknown god.
  1996 | D:2      | Got Plato's Disquisition on Variation
  2494 | D:3      | Reached XP level 5. HP: 35/35 MP: 6/8
  3206 | D:3      | Noticed Robin
  3324 | D:3      | Killed Robin
  3555 | D:3      | Found a transporter.
  3616 | D:3      | Noticed a small abomination
  3620 | D:3      | Noticed Zeldest's ghost (amateur OgWr)
  3630 | D:3      | Found a transporter.
  3665 | D:3      | Found a one-way gate to the infinite horrors of the Abyss.
  3942 | D:3      | Reached XP level 6. HP: 41/41 MP: 6/9
  3976 | D:3      | Found a basalt altar of Yredelemnul.
  4148 | D:2      | Bought a potion of lignification for 39 gold pieces
  4148 | D:2      | Bought a potion of lignification for 39 gold pieces
  4148 | D:2      | Bought 2 potions of lignification for 78 gold pieces
  4148 | D:2      | Bought a potion of lignification for 39 gold pieces
  5597 | D:5      | Entered Level 5 of the Dungeon
  5673 | D:5      | Reached XP level 7. HP: 44/46 MP: 10/10
  5916 | D:5      | Found a glowing silver altar of Zin.
  5973 | D:5      | Found a staircase to the Ecumenical Temple.
  5981 | Temple   | Entered the Ecumenical Temple
  6276 | Temple   | Reached skill level 5 in Stealth
  6295 | D:5      | Identified the +7 quarterstaff of Distraction {heavy,
                  | Int+4}
  6472 | D:5      | Reached skill level 5 in Unarmed Combat
  6927 | D:6      | Found an opulent altar of Gozag.
  6948 | D:6      | Reached XP level 8. HP: 16/54 MP: 8/11
  7546 | D:6      | Noticed Menkaure
  7566 | D:6      | Killed Menkaure
  7567 | D:6      | Reached skill level 5 in Dodging
  7998 | D:6      | Learned a level 4 spell: Ice Form
  8771 | D:7      | Reached skill level 5 in Fighting
  8771 | D:7      | Reached skill level 1 in Ice Magic
  8775 | D:7      | Reached XP level 9. HP: 24/61 MP: 8/13
 10472 | D:8      | Noticed a polar bear
 10754 | D:8      | Killed a polar bear
 10894 | D:8      | Noticed Joseph
 10939 | D:8      | Killed Joseph
 10940 | D:8      | Reached skill level 5 in Transmutations
 10940 | D:8      | Reached XP level 10. HP: 26/68 MP: 15/17
 12151 | D:8      | Reached skill level 5 in Spellcasting
 12305 | D:9      | Found a staircase to the Orcish Mines.
 12325 | D:9      | Noticed a boulder beetle
 12351 | D:9      | Killed a boulder beetle
 12607 | D:9      | Noticed Sleet's ghost (novice MiFi)
 12626 | D:9      | Found a transporter.
 12636 | D:9      | Noticed a moth of wrath
 12644 | D:9      | Found a transporter.
 12923 | D:9      | Reached XP level 11. HP: 35/75 MP: 19/19
 13281 | D:9      | Noticed an orc sorcerer
 13361 | D:9      | Noticed an orc sorcerer
 13500 | D:9      | Killed an orc sorcerer
 13836 | D:9      | Killed an orc sorcerer
 13994 | D:9      | Noticed a deep elf pyromancer
 14005 | D:9      | Killed a deep elf pyromancer
 14156 | D:9      | Noticed an ice dragon
 14156 | D:9      | Noticed a white ugly thing
 14157 | D:9      | Noticed a two-headed ogre
 14194 | D:9      | Shot with an arrow by a centaur

Illustrated notes

Levels and vault maps discovered:
D:1:      minmay_arrival_plants_in_alcoves, layout_loops_ring
D:2:      layout_loops_ring, shapermc_ecumenical_altar_rom_forum, serial_shops,
          nicolae_shop_industrial_runoff, kennysheep_generic_room_6
D:3:      layout_loops_ring, lemuel_zombie_altar_yredelemnul,
          gammafunk_ghost_abyssal_escape, guppyfry_early_orc_mine, uniq_robin
D:4:      layout_loops_ring
D:5:      layout_gridville, zin_statuary, minmay_temple_entry_sparse_star,
          hex_medium
D:6:      layout_cave_pods, mainiacjoe_overflow_concentric_impassable,
          st_stairs_11, grunt_ministairs_4, bh_walls_and_bars, uniq_menkaure
D:7:      layout_basic
D:8:      layout_rooms, serial_ice, serial_ice_l, serial_ice_m, serial_ice_a,
          serial_ice_f, serial_ice_h, amcnicky_mini_pool_small,
          minmay_fire_ice_demons, uniq_joseph
D:9:      minmay_the_grid_3x2 [minmay_the_grid_rooms, minmay_the_grid_x,
          minmay_the_grid_tri_star, minmay_the_grid_dragon_a,
          minmay_the_grid_eight, minmay_the_grid_prize_four_corners_diamond_b],
          layout_cave_pools, lemuel_tele_altar,
          gammafunk_ghost_berserking_beasts
Temple:   lightli_temple_of_artemis

Skill      XL: |  1  2  3  4  5  6  7  8  9 10 11 |
---------------+----------------------------------+-----
Stealth        | 1 2 3 4 5 7 |  7.0
Fighting       | 2 3 4 5 6 7 |  7.8
Dodging        | 3 4 5 6 7 8 |  8.1
Unarmed Combat | 4 5 6 7 8 |  8.4
Transmutations | 3 5 6 |  6.9
Spellcasting   | 3 4 5 6 |  6.3
Ice Magic      | 1 3 |  3.0

Action                     |  1- 3 |  4- 6 |  7- 9 | 10-12 || total
---------------------------+-------+-------+-------+-------++-------
  Melee: Unarmed           |    20 |    17 |    95 |   184 ||   316
         Constrict         |    17 |    34 |    27 |     2 ||    80
         Tentacles         |     7 |    25 |    20 |     2 ||    54
         Punch             |     7 |     5 |     8 |       ||    20
         Short sword       |    60 |   144 |    32 |       ||   236
         Kick              |    10 |    39 |    32 |     5 ||    86
         Quarterstaff      |       |       |    88 |     7 ||    95
  Throw: Dart              |     1 |    11 |    17 |       ||    29
         Boomerang         |       |     8 |     4 |       ||    12
         Stone             |       |     1 |     2 |       ||     3
   Cast: Beastly Appendage |    13 |    39 |    35 |     3 ||    90
         Wereblood         |     8 |    33 |    40 |    27 ||   108
         Ice Form          |       |       |    17 |    28 ||    45
Ability: End Transformatio |       |       |       |     2 ||     2
  Evoke: Wand              |       |       |     1 |    10 ||    11
    Use: Potion            |       |     1 |     4 |     3 ||     8
         Scroll            |       |     8 |     7 |       ||    15
   Stab: Sleeping          |     4 |     5 |     2 |       ||    11
 Armour: Skin              |     9 |    57 |    74 |    66 ||   206
  Dodge: Dodged            |    41 |   100 |   177 |   110 ||   428

Table legend: (Time is in decaauts)
 A = Elapsed time spent in this place.
 B = Non-inter-level travel time spent in this place.
 C = Inter-level travel time spent in this place.
 D = Time resting spent in this place.
 E = Time spent auto-exploring this place.
 F = Levels seen in this place.
 G = Mean time per level.
                   A        B        C        D        E       F      G
               +--------+--------+--------+--------+--------+-----+--------+
         Total |  14268 |  13475 |    793 |   4205 |   6501 |  10 | 1426.8 |
       Dungeon |  14120 |  13343 |    777 |   4189 |   6417 |   9 | 1568.9 |
        Temple |    148 |    132 |     16 |     16 |     84 |   1 |  148.0 |
               +--------+--------+--------+--------+--------+-----+--------+

Top non-repeatable levels by time:
     D:8: 2059 daAuts
     D:7: 2020 daAuts
     D:3: 1970 daAuts
     D:6: 1835 daAuts
     D:9: 1533 daAuts
     D:2: 1412 daAuts
     D:4: 1159 daAuts
     D:1: 1157 daAuts
     D:5: 972 daAuts
  Temple: 148 daAuts
